| TOP OF THE 1ST |
|
UCLA Bruins batting - Pitching for University of South Carolina Gamecocks : RHP Chris Kenny
|
|
Pitching: RHP Chris Kenny
|
|
|
Batting: LHB Mark Cummings
|
0-0: Called Strike 0-1: SINGLE (Groundball, 4M, EV 98.1 MPH) (infield hit)
|
|
Batting: RHB Melvin Yanes
|
0-0: Ball Mark Cummings is caught stealing 2nd base 2-4 1-0: Foul Ball, location: 2F 1-1: Ground out 4-3 (Groundball, 4S, EV 77.5 MPH)
|
|
Batting: RHB Andy Knerr
|
0-0: Called Strike 0-1: Ground out 6-3 (Groundball, 6D, EV 88.1 MPH)
|
| Top of the 1st over - 0 runs, 1 hit, 0 errors, 0 left on base; UCLA 0 - University of South Carolina 0 |
| BOTTOM OF THE 1ST |
|
University of South Carolina Gamecocks batting - Pitching for UCLA Bruins : LHP Tyler Finn
|
|
Pitching: LHP Tyler Finn
|
|
|
Batting: LHB Jörg Young
|
0-0: Foul Ball, location: 2F 0-1: Ground out U3 (Groundball, 23, EV 88.1 MPH)
|
|
Batting: RHB Brian Passalacqua
|
0-0: Ball 1-0: Called Strike 1-1: Ground out 5-3 (Groundball, 56S, EV 87.5 MPH)
|
|
Batting: SHB Keith Mihas
|
0-0: Ground out 5-3 (Groundball, 56, EV 87.5 MPH)
|
| Bottom of the 1st over - 0 runs, 0 hits, 0 errors, 0 left on base; UCLA 0 - University of South Carolina 0 |
| TOP OF THE 2ND |
|
UCLA Bruins batting - Pitching for University of South Carolina Gamecocks : RHP Chris Kenny
|
|
Batting: RHB Ethan Krause
|
0-0: Foul Ball, location: 2F 0-1: Ground out 5-3 (Groundball, 56, EV 81.2 MPH)
|
|
Batting: SHB Sean Munns
|
0-0: Ball 1-0: Fly out, F8 (Flyball, 8LD, EV 87.5 MPH)
|
|
Batting: RHB Issac Konol
|
0-0: Ball 1-0: Called Strike 1-1: Foul Ball, location: 2F 1-2: Foul Ball, location: 2F 1-2: Foul Ball, location: 2F 1-2: Ball 2-2: Ball 3-2: Foul Ball, location: 2F 3-2: Strikes out looking
|
| Top of the 2nd over - 0 runs, 0 hits, 0 errors, 0 left on base; UCLA 0 - University of South Carolina 0 |
| BOTTOM OF THE 2ND |
|
University of South Carolina Gamecocks batting - Pitching for UCLA Bruins : LHP Tyler Finn
|
|
Batting: RHB Justin Kurutz
|
0-0: Ball 1-0: Foul Ball, location: 2F 1-1: Ball 2-1: Foul Ball, location: 2F 2-2: Ball 3-2: SOLO HOME RUN (Flyball, 7D, EV 104.4 MPH), Distance : 410 ft
|
|
Batting: RHB Lance Neldon
|
0-0: Foul Ball, location: 2F 0-1: Called Strike 0-2: Foul Ball, location: 2F 0-2: Ball 1-2: Foul Ball, location: 2F 1-2: Strikes out swinging
|
|
Batting: LHB Bert Webster
|
0-0: Called Strike 0-1: Ball 1-1: Foul Ball, location: 2F 1-2: Strikes out swinging
|
|
Batting: RHB Phil Hanley
|
0-0: Ground out 4-3 (Groundball, 4M, EV 101.9 MPH)
|
| Bottom of the 2nd over - 1 run, 1 hit, 0 errors, 0 left on base; UCLA 0 - University of South Carolina 1 |
| TOP OF THE 3RD |
|
UCLA Bruins batting - Pitching for University of South Carolina Gamecocks : RHP Chris Kenny
|
|
Batting: SHB Mike Beck
|
0-0: SINGLE (Line Drive, 6D, EV 95.0 MPH)
|
|
Batting: RHB Michael Alvarado
|
0-0: Ball 1-0: Ball 2-0: Ball 3-0: Base on Balls Mike Beck to second
|
|
Batting: RHB Pete Devaux
|
0-0: Fielders Choice at 2nd, 6-4 (Groundball, 6, EV 91.2 MPH) Mike Beck to third
|
|
Batting: LHB Mark Cummings
|
0-0: Ball 1-0: SINGLE (Line Drive, 9LS, EV 90.6 MPH) Mike Beck scores Pete Devaux to second Runner from 2nd tries for 3rd, SAFE, no throw by RF
|
|
Batting: RHB Melvin Yanes
|
0-0: Ball 1-0: SINGLE (Line Drive, 7LM, EV 92.5 MPH) Pete Devaux scores Mark Cummings to second
|
|
Batting: RHB Andy Knerr
|
0-0: Foul Ball, location: 2F 0-1: Fly out, F8 (Flyball, 8RD, EV 88.8 MPH)
|
|
Batting: RHB Ethan Krause
|
0-0: Fly out, F6 (Popup, 4MD, EV 59.4 MPH)
|
| Top of the 3rd over - 2 runs, 3 hits, 0 errors, 2 left on base; UCLA 2 - University of South Carolina 1 |
| BOTTOM OF THE 3RD |
|
University of South Carolina Gamecocks batting - Pitching for UCLA Bruins : LHP Tyler Finn
|
|
Batting: LHB Corey Lomas
|
0-0: Ball 1-0: Ball 2-0: Swinging Strike 2-1: Called Strike 2-2: Ball 3-2: Ground out 1-3 (Groundball, 15S, EV 63.8 MPH)
|
|
Batting: RHB Ben Turner
|
0-0: Fly out, F4 (Line Drive, 4M, EV 90.6 MPH)
|
|
Batting: LHB Jörg Young
|
0-0: Ball 1-0: Ball 2-0: Ball 3-0: Base on Balls
|
|
Batting: RHB Brian Passalacqua
|
0-0: Ball 1-0: 2-RUN HOME RUN (Flyball, 78XD, EV 113.8 MPH), Distance : 429 ft
|
|
Batting: SHB Keith Mihas
|
0-0: Ball 1-0: Ball 2-0: Called Strike 2-1: Ball 3-1: Base on Balls
|
|
Batting: RHB Justin Kurutz
|
0-0: Ball 1-0: Ball 2-0: Ball 3-0: Called Strike 3-1: Foul Ball, location: 2F 3-2: Ground out 5-3 (Groundball, 5S, EV 72.5 MPH)
|
| Bottom of the 3rd over - 2 runs, 1 hit, 0 errors, 1 left on base; UCLA 2 - University of South Carolina 3 |
| TOP OF THE 4TH |
|
UCLA Bruins batting - Pitching for University of South Carolina Gamecocks : RHP Chris Kenny
|
|
Batting: SHB Sean Munns
|
0-0: Ground out 4-3 (Groundball, 34, EV 103.1 MPH)
|
|
Batting: RHB Issac Konol
|
0-0: Foul Ball, location: 2F 0-1: Called Strike 0-2: Ball 1-2: Strikes out looking
|
|
Batting: SHB Mike Beck
|
0-0: Ground out 5-3 (Groundball, 5, EV 105.6 MPH)
|
| Top of the 4th over - 0 runs, 0 hits, 0 errors, 0 left on base; UCLA 2 - University of South Carolina 3 |
| BOTTOM OF THE 4TH |
|
University of South Carolina Gamecocks batting - Pitching for UCLA Bruins : LHP Tyler Finn
|
|
Batting: RHB Lance Neldon
|
0-0: Ball 1-0: Fly out, F8 (Flyball, 8RXD, EV 91.9 MPH)
|
|
Batting: LHB Bert Webster
|
0-0: Called Strike 0-1: Ball 1-1: Ball 2-1: Called Strike 2-2: Ball 3-2: Base on Balls
|
|
Batting: RHB Phil Hanley
|
0-0: Foul Ball, location: 2F 0-1: Swinging Strike 0-2: Strikes out looking
|
|
Batting: LHB Corey Lomas
|
0-0: Foul Ball, location: 2F 0-1: Ball 1-1: SINGLE (Groundball, 56D, EV 108.1 MPH) Bert Webster to second
|
|
Batting: RHB Ben Turner
|
0-0: Ground out 1-3 (Groundball, 13S, EV 70.6 MPH)
|
| Bottom of the 4th over - 0 runs, 1 hit, 0 errors, 2 left on base; UCLA 2 - University of South Carolina 3 |
| TOP OF THE 5TH |
|
UCLA Bruins batting - Pitching for University of South Carolina Gamecocks : RHP Chris Kenny
|
|
Batting: RHB Michael Alvarado
|
0-0: Ball 1-0: DOUBLE (Groundball, 5L, EV 95.0 MPH)
|
|
Batting: RHB Pete Devaux
|
0-0: Ball 1-0: Foul Ball, location: 2F 1-1: Ball 2-1: Fly out, F8 (Flyball, 8LD, EV 102.5 MPH)
|
|
Batting: LHB Mark Cummings
|
0-0: Called Strike 0-1: Ball 1-1: Ball 2-1: Called Strike 2-2: Ball 3-2: Fly out, F7 (Flyball, 7S, EV 92.5 MPH)
|
|
Batting: RHB Melvin Yanes
|
0-0: Ball 1-0: Fly out, F8 (Flyball, 78M, EV 76.9 MPH)
|
| Top of the 5th over - 0 runs, 1 hit, 0 errors, 1 left on base; UCLA 2 - University of South Carolina 3 |
| BOTTOM OF THE 5TH |
|
University of South Carolina Gamecocks batting - Pitching for UCLA Bruins : LHP Tyler Finn
|
|
Batting: LHB Jörg Young
|
0-0: Called Strike 0-1: Foul Ball, location: 2F 0-2: Fly out, F7 (Flyball, 7S, EV 90.6 MPH)
|
|
Batting: RHB Brian Passalacqua
|
0-0: Ball 1-0: Called Strike 1-1: Ball 2-1: Ball 3-1: Called Strike 3-2: Foul Ball, location: 2F 3-2: Base on Balls
|
|
Batting: SHB Keith Mihas
|
0-0: Ball 1-0: Foul Ball, location: 2F 1-1: Ball 2-1: Swinging Strike 2-2: 2-RUN HOME RUN (Flyball, 78XD, EV 107.5 MPH), Distance : 439 ft
|
|
Pitching: LHP Joe Landgraff
|
|
|
Batting: RHB Justin Kurutz
|
0-0: Ground out 6-3 (Groundball, 6S, EV 70.6 MPH)
|
|
Batting: RHB Lance Neldon
|
0-0: Ground out 6-3 (Groundball, 6S, EV 64.4 MPH)
|
| Bottom of the 5th over - 2 runs, 1 hit, 0 errors, 0 left on base; UCLA 2 - University of South Carolina 5 |
| TOP OF THE 6TH |
|
UCLA Bruins batting - Pitching for University of South Carolina Gamecocks : RHP Chris Kenny
|
|
Batting: RHB Andy Knerr
|
0-0: Ball 1-0: Swinging Strike 1-1: Ball 2-1: Ground out 6-3 (Groundball, 6, EV 86.2 MPH)
|
|
Batting: RHB Ethan Krause
|
0-0: Swinging Strike 0-1: Ball 1-1: Foul Ball, location: 2F 1-2: Ground out 2-3 (Groundball, 15S, EV 62.5 MPH)
|
|
Batting: SHB Sean Munns
|
0-0: Ball 1-0: Ball 2-0: Ball 3-0: Base on Balls
|
|
Batting: RHB Issac Konol
|
0-0: Ground out 6-3 (Groundball, 6M, EV 101.2 MPH)
|
| Top of the 6th over - 0 runs, 0 hits, 0 errors, 1 left on base; UCLA 2 - University of South Carolina 5 |
| BOTTOM OF THE 6TH |
|
University of South Carolina Gamecocks batting - Pitching for UCLA Bruins : LHP Joe Landgraff
|
|
Batting: LHB Bert Webster
|
0-0: Called Strike 0-1: Ball 1-1: Foul Ball, location: 2F 1-2: Ball 2-2: Ball 3-2: Fly out, F3 (Line Drive, 3L, EV 66.9 MPH)
|
|
Batting: RHB Phil Hanley
|
0-0: Ball 1-0: Swinging Strike 1-1: Called Strike 1-2: Fly out, F7 (Flyball, 7, EV 86.2 MPH)
|
|
Batting: LHB Corey Lomas
|
0-0: Swinging Strike 0-1: SINGLE (Groundball, 4MD, EV 106.2 MPH)
|
|
Batting: RHB Ben Turner
|
0-0: Fielders Choice at 2nd, 5-4 (Groundball, 56, EV 88.8 MPH)
|
| Bottom of the 6th over - 0 runs, 1 hit, 0 errors, 1 left on base; UCLA 2 - University of South Carolina 5 |
| TOP OF THE 7TH |
|
UCLA Bruins batting - Pitching for University of South Carolina Gamecocks : RHP Chris Kenny
|
|
Batting: SHB Mike Beck
|
0-0: Fly out, F7 (Flyball, 7, EV 95.6 MPH)
|
|
Batting: RHB Michael Alvarado
|
0-0: SINGLE (Groundball, 4MS, EV 65.0 MPH) (infield hit)
|
|
Batting: RHB Pete Devaux
|
0-0: Ball 1-0: Swinging Strike 1-1: Grounds into double play, 5-4-3 (Groundball, 5, EV 87.5 MPH)
|
| Top of the 7th over - 0 runs, 1 hit, 0 errors, 0 left on base; UCLA 2 - University of South Carolina 5 |
| BOTTOM OF THE 7TH |
|
University of South Carolina Gamecocks batting - Pitching for UCLA Bruins : LHP Joe Landgraff
|
|
Batting: LHB Jörg Young
|
0-0: Called Strike 0-1: Ball 1-1: Foul Ball, location: 2F 1-2: Ground out 1-3 (Groundball, 13S, EV 61.2 MPH)
|
|
Batting: RHB Brian Passalacqua
|
0-0: Ground out 4-3 (Groundball, 4, EV 106.2 MPH)
|
|
Batting: SHB Keith Mihas
|
0-0: Called Strike 0-1: Ball 1-1: Ball 2-1: Ball 3-1: Swinging Strike 3-2: Foul Ball, location: 2F 3-2: Base on Balls
|
|
Batting: RHB Justin Kurutz
|
0-0: Called Strike 0-1: Foul Ball, location: 2F 0-2: Strikes out swinging
|
| Bottom of the 7th over - 0 runs, 0 hits, 0 errors, 1 left on base; UCLA 2 - University of South Carolina 5 |
| TOP OF THE 8TH |
|
UCLA Bruins batting - Pitching for University of South Carolina Gamecocks : RHP Chris Kenny
|
|
Batting: LHB Mark Cummings
|
0-0: Called Strike 0-1: Called Strike 0-2: Ball 1-2: Fly out, F6 (Popup, 6, EV 76.9 MPH)
|
|
Batting: RHB Melvin Yanes
|
0-0: Called Strike 0-1: SINGLE (Flyball, 6D, EV 88.8 MPH)
|
|
Batting: RHB Andy Knerr
|
0-0: Ball 1-0: Fly out, F8 (Line Drive, 8LM, EV 92.5 MPH)
|
|
Batting: RHB Ethan Krause
|
0-0: Ball 1-0: Foul Ball, location: 2F 1-1: Ball 2-1: Ball 3-1: Base on Balls Melvin Yanes to second
|
|
Batting: SHB Sean Munns
|
0-0: Called Strike 0-1: Foul Ball, location: 2F 0-2: Ball 1-2: Foul Ball, location: 2F 1-2: SINGLE (Line Drive, 4D, EV 106.2 MPH) Melvin Yanes to third Ethan Krause to second Runner from 3rd tries for Home, SAFE, throw by CF to home
|
|
Pitching: RHP Nelson Knopp
|
|
|
Pinch Runner at 2nd Young-lau Seow:
|
|
|
Batting: RHB Issac Konol
|
0-0: Ball 1-0: Foul Ball, location: 2F 1-1: Ball 2-1: Foul Ball, location: 2F 2-2: Strikes out swinging
|
| Top of the 8th over - 1 run, 2 hits, 0 errors, 2 left on base; UCLA 3 - University of South Carolina 5 |
| BOTTOM OF THE 8TH |
|
University of South Carolina Gamecocks batting - Pitching for UCLA Bruins : LHP Joe Landgraff
|
|
Pitching: LHP Honor Munoz
|
|
|
Batting: RHB Lance Neldon
|
0-0: Fly out, F8 (Line Drive, 8RD, EV 86.2 MPH)
|
|
Batting: LHB Bert Webster
|
0-0: Called Strike 0-1: SINGLE (Line Drive, 7S, EV 103.8 MPH)
|
|
Batting: RHB Phil Hanley
|
0-0: Ball 1-0: SINGLE (Groundball, 6MS, EV 81.2 MPH) (infield hit) Bert Webster to second
|
|
Batting: LHB Corey Lomas
|
0-0: Called Strike 0-1: Ball 1-1: Foul Ball, location: 2F 1-2: Ball Pickoff Throw to Second - Error! E1 Bert Webster to third Phil Hanley to second 2-2: DOUBLE (Line Drive, 7LD, EV 107.5 MPH) Bert Webster scores Phil Hanley scores
|
|
Batting: RHB Ben Turner
|
0-0: Ball 1-0: Called Strike 1-1: Foul Ball, location: 2F 1-2: Strikes out swinging
|
|
Batting: LHB Jörg Young
|
0-0: Ball 1-0: Ball 2-0: Called Strike 2-1: Ball 3-1: Base on Balls
|
|
Batting: RHB Brian Passalacqua
|
0-0: Swinging Strike 0-1: Called Strike 0-2: Fly out, F7 (Flyball, 78D, EV 88.1 MPH)
|
| Bottom of the 8th over - 2 runs, 3 hits, 1 error, 2 left on base; UCLA 3 - University of South Carolina 7 |
| TOP OF THE 9TH |
|
UCLA Bruins batting - Pitching for University of South Carolina Gamecocks : RHP Nelson Knopp
|
|
Batting: SHB Mike Beck
|
0-0: SINGLE (Line Drive, 5D, EV 95.0 MPH)
|
|
Batting: RHB Michael Alvarado
|
0-0: Ball 1-0: Ball 2-0: Foul Ball, location: 2F 2-1: Foul Ball, location: 2F 2-2: Ball 3-2: Base on Balls Mike Beck to second
|
|
Pinch Hitting: LHB Dave Hutchison
|
0-0: Ball 1-0: Called Strike 1-1: Foul Ball, location: 2F 1-2: Strikes out swinging
|
|
Batting: LHB Mark Cummings
|
0-0: Called Strike 0-1: Ball 1-1: Ball 2-1: Fly out, F7 (Flyball, 7LM, EV 89.4 MPH)
|
|
Pinch Hitting: LHB Scott Mullett
|
0-0: Ball Wild Pitch! Mike Beck to third Michael Alvarado to second 1-0: Called Strike 1-1: Ground out 4-3 (Groundball, 4, EV 100.0 MPH)
|
| Top of the 9th over - 0 runs, 1 hit, 0 errors, 2 left on base; UCLA 3 - University of South Carolina 7 |
|